 Dungeon Sprint DCSS version 0.28-a0-1033-g1a2f33fa85 (webtiles) character file.

Game seed: 7450984484597819210

3500000 ytrimaz the Intangible (level 20, -15/197 HPs)
             Began as a Demonspawn Gladiator on Dec 7, 2021.
             Was the Champion of Makhleb.
             Demolished by a large bag of meat (82 damage)
             ... in the Dungeon (Sprint VIII: "Arena of Blood").
             The game lasted 00:00:51 (35 turns).

ytrimaz the Intangible (Demonspawn Gladiator)         Turns: 35, Time: 00:00:51

Health: -15/197    AC:  8    Str: 20    XL:     20   Next: 2%
Magic:  26/26      EV: 31    Int: 14    God:    Makhleb [******]
Gold:   0          SH:  6    Dex: 14    Spells: 28/28 levels left

rFire   . . .      SeeInvis .   j - +∞ Axe of Woe
rCold   . . .      Faith    .   (shield currently unavailable)
rNeg    . . .      Spirit   .   a - +0 leather armour
rPois   .          Reflect  .   b - +0 helmet
rElec   .          Harm     .   (no cloak)
rCorr   .          Rampage  .   (gloves unavailable)
Will    ++...      NoTele   +   (no boots)
Stlth   +++.......              (no amulet)
HPRegen 0.42/turn               k - +30 ring of slaying
MPRegen 0.20/turn               (no ring)

@: mighty, agile
A: claws 3, large bone plates 2, ignite blood 2, powered by pain 2, demonic
willpower
a: Renounce Religion, Minor Destruction, Lesser Servant of Makhleb, Major
Destruction, Greater Servant of Makhleb


You were in the Dungeon.
You worshipped Makhleb.
Makhleb was exalted by your worship.
You visited 1 branch

Inventory:

Hand Weapons
 j - the +∞ Axe of Woe (weapon)
   (You found it in the Dungeon)
Missiles
 c - 3 throwing nets (quivered)
Armour
 a - a +0 leather armour (worn)
 b - a +0 helmet (worn)
Jewellery
 k - a +30 ring of slaying (left claw)
Scrolls
 i - a scroll of blinking
Potions
 d - a potion of curing
 e - a potion of heal wounds
 f - a potion of haste
 g - 2 potions of magic
 h - a potion of berserk rage


   Skills:
 O Level 27 Fighting
 + Level 4.6(5.5) Short Blades
 + Level 4.6(5.5) Long Blades
 O Level 27 Axes
 + Level 4.6(18.8) Maces & Flails
 + Level 4.6(18.8) Polearms
 + Level 4.6(6.4) Staves
 + Level 4.6(18.5) Slings
 + Level 4.6 Bows
 + Level 4.6 Crossbows
 O Level 27 Throwing
 O Level 27 Armour
 O Level 27 Dodging
 + Level 5.1 Stealth
 + Level 4.6 Shields
 O Level 27 Unarmed Combat
 + Level 4.6 Spellcasting
 + Level 5.1 Conjurations
 + Level 5.7 Hexes
 + Level 5.1 Summonings
 + Level 5.6 Necromancy
 + Level 4.6 Translocations
 + Level 4.6 Transmutations
 + Level 4.6 Fire Magic
 + Level 4.6 Ice Magic
 + Level 4.6 Air Magic
 + Level 4.6 Earth Magic
 + Level 5.7 Poison Magic
 + Level 7.6 Invocations
 + Level 5.7 Evocations


You had 28 spell levels left.
You didn't know any spells.
Your spell library was empty.

Dungeon Overview and Level Annotations

Branches:
Dungeon (1/1)

Altars:
Makhleb


Innate Abilities, Weirdness & Mutations

You have claws for hands.
You are mostly covered in large bone plates. (SH +6)
Your demonic aura often causes spilled blood to erupt in flames.
You sometimes gain power by taking damage.
You punish those that try to bend your will. (Will+)


Message History

Your Hexes skill gained 5 levels and is now at level 5!
Your Summonings skill gained 5 levels and is now at level 5!
Your Necromancy skill gained 5 levels and is now at level 5!
Your Translocations skill gained 4 levels and is now at level 4!
Your Transmutations skill gained 4 levels and is now at level 4!
Your Fire Magic skill gained 4 levels and is now at level 4!
Your Ice Magic skill gained 4 levels and is now at level 4!
Your Air Magic skill gained 4 levels and is now at level 4!
Your Earth Magic skill gained 4 levels and is now at level 4!
Your Poison Magic skill gained 5 levels and is now at level 5!
Your Invocations skill gained 7 levels and is now at level 7!
Your Evocations skill gained 5 levels and is now at level 5!
You have reached level 20!
You feel clever.
Your demonic ancestry asserts itself...
Your blood runs red-hot!
You hear a shout!
A meat berserker comes into view. It is wielding a +9 battleaxe.
You hear a shout! x2
The meat berserker rages.
The eight-headed meat hydra calls on the powers of darkness!
The eight-headed meat hydra convulses!
The meat berserker convulses! x2
Your body is wracked with pain!
You focus on the pain.
You feel your power returning.
The large bag of meat convulses!
Flame seeps out of the large bag of meat.
The bag of meat convulses!
The large bag of meat convulses!
Flame seeps out of the large bag of meat.
The large bag of meat convulses!
Flame seeps out of the large bag of meat.
The bag of meat convulses!
You hear a shout! x3
An orc and a skeletal warrior come into view.
You hear a shout! x2
The destroyer casts a spell at you.
The destroyer blinks!
You hear a shout!
The large bag of meat is engulfed in blazing flames.
Flame seeps out of the large bag of meat.
The large bag of meat hits you with a +9 giant spiked club!!
The large bag of meat hits you with a +9 giant spiked club!!!!
You die...

...###... ..###.
........###......
#........_.....
§.....#§V...#
...D..#_§§§_# .
..O...#.§)..#....
#.....))§_§......
.....Oz)###......
...###§@Oo...###.
. #OOo....#
#o...O..#
..........
O..........
.oo.........
............#
..o#.z......#.


You could see an eight-headed meat hydra, a destroyer, 2 sculptors of flesh, 4
large bags of meat, 3 meat berserkers and 6 bags of meat.

Vanquished Creatures
  3 vampire knights (D)
  10 ogres (D)
  A two-headed ogre (D)
  19 orcs (D)
33 creatures vanquished.

Notes
Turn   | Place    | Note
-------+----------+-------------------------------------------
     0 | D        | Found the +∞ Axe of Woe
     0 | D        | ytrimaz the Demonspawn Gladiator began the quest for the
                  | Orb.
     0 | D        | Reached XP level 1. HP: 16/16 MP: 1/1
     1 | D        | Noticed a meat berserker
     1 | D        | Noticed a bag of meat
     3 | D        | Became a worshipper of Makhleb the Destroyer
     5 | D        | Killed a meat berserker
     5 | D        | Noticed a bag of meat
     6 | D        | Reached skill level 10 in Fighting
     6 | D        | Gained mutation: You have sharp fingernails. [demonic
                  | ancestry]
     6 | D        | Reached XP level 2. HP: 36/36 MP: 2/2
     6 | D        | Reached XP level 3. HP: 42/42 MP: 3/3
     6 | D        | Gained mutation: You sometimes gain a little power by
                  | taking damage. [demonic ancestry]
     6 | D        | Reached XP level 4. HP: 49/49 MP: 4/4
     6 | D        | Reached XP level 5. HP: 54/54 MP: 5/5
     6 | D        | Reached XP level 6. HP: 61/61 MP: 6/6
     6 | D        | Reached XP level 7. HP: 67/67 MP: 7/7
     6 | D        | Gained mutation: You are partially covered in large bone
                  | plates. (SH +4) [demonic ancestry]
     6 | D        | Reached XP level 8. HP: 74/74 MP: 8/8
     6 | D        | Reached XP level 9. HP: 79/79 MP: 9/9
     6 | D        | Gained mutation: Your demonic aura sometimes causes spilled
                  | blood to erupt in flames. [demonic ancestry]
     6 | D        | Reached XP level 10. HP: 86/86 MP: 10/10
     6 | D        | Reached XP level 11. HP: 92/92 MP: 11/11
     6 | D        | Noticed a bag of meat
     6 | D        | Noticed a bag of meat
     6 | D        | Noticed a bag of meat
     7 | D        | Killed a bag of meat
     7 | D        | Reached * piety under Makhleb
     7 | D        | Noticed a bag of meat
     7 | D        | Noticed a bag of meat
     8 | D        | Reached skill level 10 in Throwing
     8 | D        | Gained mutation: You have very sharp fingernails. [demonic
                  | ancestry]
     8 | D        | Reached XP level 12. HP: 102/102 MP: 12/12
     8 | D        | Killed a bag of meat
     9 | D        | Reached skill level 5 in Axes
     9 | D        | Reached XP level 13. HP: 109/109 MP: 13/13
     9 | D        | Killed a bag of meat
     9 | D        | Noticed a meat berserker
    10 | D        | Killed a bag of meat
    10 | D        | Reached ** piety under Makhleb
    10 | D        | Killed a bag of meat
    11 | D        | Reached XP level 14. HP: 120/120 MP: 14/14
    11 | D        | Killed a bag of meat
    11 | D        | Noticed a bag of meat
    12 | D        | Reached skill level 10 in Axes
    12 | D        | Noticed a bag of meat
    12 | D        | Killed a meat berserker
    12 | D        | Reached *** piety under Makhleb
    12 | D        | Noticed a bag of meat
    12 | D        | Noticed a bag of meat
    13 | D        | Reached skill level 15 in Fighting
    14 | D        | Killed a bag of meat
    14 | D        | Noticed a bag of meat
    14 | D        | Noticed a bag of meat
    15 | D        | Gained mutation: You sometimes gain power by taking damage.
                  | [demonic ancestry]
    15 | D        | Reached XP level 15. HP: 131/131 MP: 15/15
    17 | D        | Noticed a meat berserker
    17 | D        | Noticed a meat berserker
    17 | D        | Noticed a meat berserker
    18 | D        | Reached **** piety under Makhleb
    19 | D        | Noticed a meat berserker
    20 | D        | Reached skill level 15 in Axes
    20 | D        | Noticed a destroyer
    20 | D        | Killed a meat berserker
    20 | D        | Reached ***** piety under Makhleb
    20 | D        | Killed a meat berserker
    20 | D        | Noticed a destroyer
    20 | D        | Noticed a meat berserker
    21 | D        | Reached skill level 15 in Throwing
    21 | D        | Reached skill level 27 in Dodging
    21 | D        | Reached skill level 27 in Unarmed Combat
    21 | D        | Gained mutation: You punish those that try to bend your
                  | will. (Will+) [demonic ancestry]
    21 | D        | Reached XP level 16. HP: 148/148 MP: 16/16
    22 | D        | Killed a meat berserker
    23 | D        | Reached skill level 1 in Armour
    23 | D        | Gained mutation: You are mostly covered in large bone
                  | plates. (SH +6) [demonic ancestry]
    23 | D        | Reached XP level 17. HP: 160/160 MP: 17/17
    23 | D        | Killed a destroyer
    23 | D        | Noticed a meat berserker
    24 | D        | Killed a destroyer
    24 | D        | Reached ****** piety under Makhleb
    24 | D        | Noticed a large bag of meat
    25 | D        | Reached skill level 27 in Fighting
    25 | D        | Reached skill level 27 in Axes
    25 | D        | Gained mutation: You have claws for hands. [demonic
                  | ancestry]
    25 | D        | Reached XP level 18. HP: 182/182 MP: 18/18
    25 | D        | Noticed a meat berserker
    25 | D        | Killed a meat berserker
    26 | D        | Killed a meat berserker
    26 | D        | Noticed a large bag of meat
    27 | D        | Reached skill level 27 in Throwing
    27 | D        | Noticed a meat berserker
    28 | D        | Killed a large bag of meat
    28 | D        | Noticed a large bag of meat
    29 | D        | Noticed a sculptor of flesh
    29 | D        | Noticed a destroyer
    30 | D        | Killed a meat berserker
    30 | D        | Killed a destroyer
    30 | D        | Noticed an eight-headed meat hydra
    30 | D        | Noticed a large bag of meat
    31 | D        | Reached XP level 19. HP: 141/189 MP: 19/19
    31 | D        | Noticed a meat berserker
    31 | D        | Noticed a destroyer
    32 | D        | Noticed a large bag of meat
    32 | D        | Killed a meat berserker
    32 | D        | Killed a meat berserker
    32 | D        | Noticed a meat berserker
    33 | D        | Reached skill level 27 in Armour
    34 | D        | Reached skill level 5 in Stealth
    34 | D        | Reached skill level 5 in Conjurations
    34 | D        | Reached skill level 5 in Hexes
    34 | D        | Reached skill level 5 in Summonings
    34 | D        | Reached skill level 5 in Necromancy
    34 | D        | Reached skill level 5 in Poison Magic
    34 | D        | Reached skill level 5 in Evocations
    34 | D        | Gained mutation: Your demonic aura often causes spilled
                  | blood to erupt in flames. [demonic ancestry]
    34 | D        | Reached XP level 20. HP: 189/197 MP: 19/26
    34 | D        | Noticed a meat berserker
    35 | D        | Demolished by a large bag of meat

Illustrated notes

Levels and vault maps discovered:
D:        meatsprint

Skill      XL: |  1  2  3  4  5  6  7  8  9 10 11 12 13 14 15 16 17 18 19 |
---------------+----------------------------------------------------------+-----
Fighting       | 10 11 12 14 16 19 22 27 | 27.0
Axes           | 3 4 5 9 12 19 24 27 | 27.0
Throwing       | 9 10 11 12 13 15 16 20 27 | 27.0
Dodging        | 17 18 19 21 24 27 | 27.0
Unarmed Combat | 17 18 19 21 23 27 | 27.0
Armour         | 1 4 26 27 | 27.0
Short Blades   | 4 |  4.6
Long Blades    | 4 |  4.6
Maces & Flails | 4 |  4.6
Polearms       | 4 |  4.6
Staves         | 4 |  4.6
Slings         | 4 |  4.6
Bows           | 4 |  4.6
Crossbows      | 4 |  4.6
Stealth        | 5 |  5.1
Shields        | 4 |  4.6
Spellcasting   | 4 |  4.6
Conjurations   | 5 |  5.1
Hexes          | 5 |  5.7
Summonings     | 5 |  5.1
Necromancy     | 5 |  5.6
Translocations | 4 |  4.6
Transmutations | 4 |  4.6
Fire Magic     | 4 |  4.6
Ice Magic      | 4 |  4.6
Air Magic      | 4 |  4.6
Earth Magic    | 4 |  4.6
Poison Magic   | 5 |  5.7
Invocations    | 7 |  7.6
Evocations     | 5 |  5.7

Action                   |  1- 3 |  4- 6 |  7- 9 | 10-12 | 13-15 | 16-18 | 19-21 || total
-------------------------+-------+-------+-------+-------+-------+-------+-------++-------
Melee: Executioner's axe |     1 |       |       |     2 |     8 |     7 |     2 ||    20
Armor: Leather armour    |       |       |       |       |     2 |       |       ||     2
Dodge: Dodged            |       |       |       |     1 |     1 |       |       ||     2
Block: Other             |       |       |       |       |     1 |       |       ||     1

Table legend: (Time is in decaauts)
 A = Elapsed time spent in this place.
 B = Non-inter-level travel time spent in this place.
 C = Inter-level travel time spent in this place.
 D = Time resting spent in this place.
 E = Time spent auto-exploring this place.
 F = Levels seen in this place.
 G = Mean time per level.
                   A        B        C        D        E       F      G
               +--------+--------+--------+--------+--------+-----+--------+
         Total |     36 |     36 |      0 |      0 |      0 |   1 |   36.0 |
       Dungeon |     36 |     36 |      0 |      0 |      0 |   1 |   36.0 |
               +--------+--------+--------+--------+--------+-----+--------+

Top non-repeatable levels by time:
       D: 36 daAuts
